 Seeded DCSS version 0.29-a0-789-g7a8fcbc185 (webtiles) character file.

Game seed: 6267632479416310322 (custom seed)

4944 happo123 the Fighter (level 10, -3/91 HPs)
             Began as a Minotaur Hunter on July 2, 2022.
             Was an Elder of Okawaru.
             Killed from afar by a gargoyle (10 damage)
             ... with a stone arrow
             ... on level 9 of the Dungeon.
             The game lasted 00:47:21 (8597 turns).

happo123 the Fighter (Minotaur Hunter)              Turns: 8597, Time: 00:47:21

Health: -3/91      AC: 24    Str: 19    XL:     10   Next: 28%
Magic:  0/11       EV:  8    Int: 14    God:    Okawaru [****..]
Gold:   270        SH:  0    Dex: 17    Spells: 9/9 levels left

rFire   x . .      SeeInvis .   P - +1 battleaxe (elec)
rCold   . . .      Faith    .   (shield currently unavailable)
rNeg    . . .      Spirit   +   v - +4 plate armour "Ixkit" {rC- Str+2 Int+8}
rPois   .          Reflect  .   (helmet restricted)
rElec   .          Harm     .   q - +0 cloak
rCorr   .          Rampage  .   G - +2 pair of gloves {hurl}
Will    .....                   M - +2 pair of boots
Stlth   ..........              J - amulet of guardian spirit
HPRegen 0.25/turn               r - ring of ice
MPRegen 0.12/turn               (no ring)

@: studying Armour
A: horns 2, retaliatory headbutt
a: Renounce Religion, Heroism, Finesse


You were on level 9 of the Dungeon.
You worshipped Okawaru.
Okawaru was greatly pleased with you.
You visited 2 branches of the dungeon, and saw 10 of its levels.

You collected 463 gold pieces.
You spent 193 gold pieces at shops.

Inventory:

Hand Weapons
 a - a +3 morningstar
 z - a +0 war axe of draining
 A - a +3 flail
 B - the +8 sling of Floods {venom, Int+3}
   (You found it on level 4 of the Dungeon)

   Any ammunition fired from it poisons the flesh of those it strikes.
   Int:       It affects your intelligence (+3).
 F - a +2 whip of flaming
 L - a +2 flail of protection
 P - a +1 battleaxe of electrocution (weapon)
Missiles
 f - a curare-tipped dart
Armour
 q - a +0 cloak (worn)
 v - the +4 plate armour "Ixkit" (worn) {rC- Str+2 Int+8}
   (You took it off a hobgoblin on level 3 of the Dungeon)

   Str:       It affects your strength (+2).
   Int:       It affects your intelligence (+8).
   rC:        It makes you vulnerable to cold.
 G - a +2 pair of gloves of hurling (worn)
 M - a +2 pair of boots (worn)
Magical Staves
 g - a staff of cold
Jewellery
 m - an amulet of magic regeneration
 r - a ring of ice (left hand)
 J - an amulet of guardian spirit (around neck)
Wands
 x - a wand of polymorph (11)
 y - a wand of digging (13)
 H - a wand of roots (15)
 N - a wand of paralysis (6)
Scrolls
 b - 3 scrolls of immolation
 e - a scroll of blinking {unknown}
 k - 2 scrolls of teleportation
 n - 4 scrolls of silence
 s - a scroll of summoning {unknown}
 w - 2 scrolls of enchant armour {unknown}
 D - a scroll of magic mapping {unknown}
 E - a scroll of fear {unknown}
 K - 2 scrolls of enchant weapon
Potions
 c - a potion of lignification {unknown}
 d - 2 potions of haste
 h - 7 potions of curing
 i - 2 potions of degeneration {unknown}
 j - 2 potions of magic {unknown}
 l - 3 potions of brilliance {unknown}
 o - a potion of mutation
 t - 4 potions of attraction
 u - a potion of might
 C - a potion of ambrosia
 I - a potion of invisibility
 O - a potion of cancellation {unknown}
 Q - a potion of heal wounds
 R - a potion of flight
Miscellaneous
 p - a tin of tremorstones (1/2)


   Skills:
 * Level 9.0 Fighting
 + Level 5.6 Axes
 + Level 8.9 Ranged Weapons
 + Level 0.9 Throwing
 + Level 6.5 Armour
 + Level 5.9 Dodging
 - Level 4.0 Stealth
 + Level 3.2 Invocations
 + Level 4.0 Evocations


You had 9 spell levels left.
You didn't know any spells.
Your spell library contained the following spells:

 Spells                   Type           Power      Damage    Failure   Level
 Apportation              Tloc           0%         N/A       100%        1
 Magic Dart               Conj           0%         1d3       100%        1
 Sandblast                Erth           0%         2d4       100%        1
 Ensorcelled Hibernation  Hex/Ice        0%         N/A       100%        2
 Passwall                 Tmut/Erth      0%         N/A       100%        2
 Mephitic Cloud           Conj/Pois/Air  0%         N/A       100%        3
 Stone Arrow              Conj/Erth      0%         3d7       100%        3
 Swiftness                Air            0%         N/A       100%        3
 Alistair's Intoxication  Tmut/Pois      0%         N/A       100%        5
 Conjure Ball Lightning   Conj/Air       0%         3x3d6     100%        6
 Discord                  Hex            0%         N/A       100%        8
 Disjunction              Tloc           0%         N/A       100%        8
 Call Imp                 Summ           Unusable   N/A       N/A         2

Dungeon Overview and Level Annotations

Branches:
Dungeon (9/15)             Temple (1/1) D:6             Orc (0/2) D:9
   Lair: D:8-11

Altars:
Ashenzari
Cheibriados
Dithmenos
Fedhas
Hepliaklqana
Kikubaaqudgha
Makhleb
Nemelex Xobeh
Okawaru
Qazlal
Ru
Trog
Uskayaw
Vehumet
Wu Jian
Xom
Yredelemnul
Zin
The Shining One

Shops:
D:6 *


Innate Abilities, Weirdness & Mutations

You have a pair of horns on your head.
You reflexively headbutt those who attack you in melee.


Message History

The tremorstone explodes into fragments!
The burst of rock shards engulfs the gargoyle but does no damage. x7
You hear a shout!
The gargoyle hurls a stone arrow at you.
The stone arrow misses you.
Fire: B) +8 sling of Floods {venom, Int+3}
Press: ? - help, Q - select action, (/) - cycle Shift-Dir - straight line, f/p - gargoyle
Aim: a gargoyle, wielding a +0 dire flail (almost destroyed)
You shoot a sling bullet. The sling bullet hits the gargoyle!
You destroy the gargoyle!
Okawaru is honoured by your kill.
You can now speed up your combat.
Your Fighting skill increases to level 9!
Fire: B) +8 sling of Floods {venom, Int+3}
Press: ? - help, Q - select action, (/) - cycle Shift-Dir - straight line, f - gargoyle
Aim: a gargoyle, wielding a +0 mace You shoot a sling bullet.
The sling bullet hits the gargoyle but does no damage.
The gargoyle hurls a stone arrow at you.
The stone arrow hits you!
* * * LOW HITPOINT WARNING * * *
The +8 sling of Floods {venom, Int+3} stops dripping with poison.
You hear the crackle of electricity.
P - a +1 battleaxe of electrocution (weapon)
Aiming: Polymorph
Press: ? - help, Shift-Dir - straight line, f - gargoyle, p - gargoyle
Aim: a gargoyle, wielding a +0 mace (lightly damaged, not susceptible)
Okay, then.
Aiming: Paralyse
Press: ? - help, Shift-Dir - straight line, f - gargoyle, p - gargoyle
Aim: a gargoyle, wielding a +0 mace (lightly damaged, chance to affect: 41%)
The gargoyle resists with some effort.
The gargoyle hits you with a +0 mace!
* * * LOW HITPOINT WARNING * * *
Unknown command.
Aiming: Paralyse
Press: ? - help, Shift-Dir - straight line, f/p - gargoyle
Aim: a gargoyle, wielding a +0 mace (lightly damaged, chance to affect: 41%)
The gargoyle resists with some effort.
The gargoyle hurls a stone arrow at you.
The stone arrow hits you!
You die...

.....# .....# .... #..#
####### .... #..#
#.....# #.... ####..#
#.....# #...
......###.....##### #..#
...))).......999@.###..#
.....)#...#######...#..#
#.....#.### ###.#..#
#.......# #....#
#.#..99## ##...# ####
..##>..# #...####..#
.......#
'.......'##.........#
.>....†#
..98....##...#######
.......# .......'##..##


You could see 3 gargoyles.

Vanquished Creatures
  Amaemon (D:8)
  Pikel (D:4)
  A gargoyle (D:9)
  An orange demon (D:8)
  A hornet (D:8)
  A wyvern (D:7)
  2 steam dragons
  An acid dragon (D:8)
  3 ice beasts
  A black bear (D:6)
  2 centaurs (D:7)
  2 lemures (D:4)
  2 kobold brigands (D:6)
  A scorpion (D:5)
  4 bullfrogs
  15 wights
  2 boudas
  5 hounds
  5 orc priests
  A jelly (D:8)
  2 iguanas (D:5)
  9 orc wizards
  8 gnolls
  6 adders
  2 white imps (D:7)
  2 ufetubi
  2 worms
  28 orcs
  9 ball pythons
  7 endoplasms
  A giant cockroach (D:1)
  8 goblins
  6 hobgoblins
  2 jackals (D:1)
  9 kobolds
  2 quokkas
  5 bats
  4 frilled lizards
  A rat (D:3)
165 creatures vanquished.

Vanquished Creatures (others)
  5 fungi (D:4)
  5 plants (D:4)
10 creatures vanquished.

Grand Total: 175 creatures vanquished

Notes
Turn   | Place    | Note
-------+----------+-------------------------------------------
     0 | D:1      | happo123 the Minotaur Hunter began the quest for the Orb.
     0 | D:1      | Reached XP level 1. HP: 18/18 MP: 0/0
   290 | D:1      | Reached XP level 2. HP: 25/25 MP: 1/1
   293 | D:1      | Reached skill level 1 in Stealth
   382 | D:1      | Reached skill level 3 in Fighting
   861 | D:2      | Reached skill level 1 in Armour
   861 | D:2      | Reached XP level 3. HP: 28/31 MP: 2/2
   944 | D:2      | Found a faded altar of an unknown god.
  1664 | D:3      | Identified the +4 plate armour "Ixkit" {rC- Str+2 Int+8}
  1707 | D:3      | Reached XP level 4. HP: 39/39 MP: 3/3
  2041 | D:3      | Found a faded altar of an unknown god.
  2045 | D:3      | Found a shimmering altar of Xom.
  2183 | D:4      | Identified the +8 sling of Floods {venom, Int+3}
  2193 | D:4      | Noticed a lemure
  2194 | D:4      | Noticed a lemure
  2207 | D:4      | Killed a lemure
  2215 | D:4      | Killed a lemure
  2263 | D:4      | Found a blossoming altar of Fedhas.
  2339 | D:4      | Reached skill level 5 in Ranged Weapons
  2377 | D:4      | Noticed Pikel
  2381 | D:4      | Noticed a lemure
  2382 | D:4      | Reached skill level 4 in Fighting
  2383 | D:4      | Killed Pikel
  2384 | D:4      | Reached skill level 5 in Fighting
  2384 | D:4      | Reached skill level 1 in Evocations
  2384 | D:4      | Reached XP level 5. HP: 44/48 MP: 4/4
  2384 | D:4      | Reached XP level 6. HP: 51/56 MP: 5/5
  2384 | D:4      | Reached XP level 7. HP: 56/61 MP: 6/6
  2553 | D:4      | Found a glowing silver altar of Zin.
  2553 | D:4      | Found a shadowy altar of Dithmenos.
  2561 | D:4      | Found a faded altar of an unknown god.
  2563 | D:4      | Found a faded altar of an unknown god.
  2565 | D:4      | Found an ornate altar of the Wu Jian Council.
  2885 | D:5      | Entered Level 5 of the Dungeon
  3132 | D:5      | Found an iron altar of Okawaru.
  3482 | D:6      | Found a staircase to the Ecumenical Temple.
  3529 | D:5      | Became a worshipper of Warmaster Okawaru
  3583 | D:5      | Reached skill level 6 in Fighting
  3728 | D:5      | Reached XP level 8. HP: 26/69 MP: 3/7
  4741 | D:6      | Reached * piety under Okawaru
  5367 | Temple   | Entered the Ecumenical Temple
  5499 | D:6      | Reached skill level 7 in Fighting
  5628 | D:6      | Found Jymunumuf's Elemental Accessories.
  5856 | D:7      | Reached skill level 1 in Invocations
  5856 | D:7      | Reached XP level 9. HP: 78/79 MP: 8/8
  6030 | D:7      | Reached ** piety under Okawaru
  6556 | D:7      | Found Igyfus's CLEARANCE SALE!.
  6563 | D:7      | Bought a potion of haste for 30 gold pieces
  6563 | D:7      | Bought a tin of tremorstones (2/2) for 120 gold pieces
  6563 | D:7      | Bought a potion of curing for 9 gold pieces
  6563 | D:7      | Bought a potion of might for 12 gold pieces
  6563 | D:7      | Bought a scroll of silence for 22 gold pieces
  7060 | D:8      | Noticed an orange demon
  7063 | D:8      | Noticed Amaemon
  7071 | D:8      | Killed an orange demon
  7072 | D:8      | Reached skill level 5 in Dodging
  7251 | D:7      | HP: 3/81 [wyvern (10)]
  7257 | D:7      | Reached *** piety under Okawaru
  7258 | D:7      | Reached skill level 8 in Fighting
  7258 | D:7      | Reached skill level 5 in Armour
  7729 | D:8      | Received a gift from Okawaru
  7735 | D:8      | Reached skill level 5 in Axes
  7923 | D:8      | Killed Amaemon
  7924 | D:8      | Reached XP level 10. HP: 84/90 MP: 11/11
  8514 | D:9      | Found a staircase to the Orcish Mines.
  8558 | D:9      | Noticed a gargoyle
  8560 | D:9      | Noticed a gargoyle
  8562 | D:9      | Noticed a gargoyle
  8562 | D:9      | Noticed a gargoyle
  8593 | D:9      | Killed a gargoyle
  8593 | D:9      | Reached **** piety under Okawaru
  8594 | D:9      | Reached skill level 9 in Fighting
  8597 | D:9      | Killed from afar by a gargoyle

Illustrated notes

Levels and vault maps discovered:
D:1:      elethiomel_arrival_quiet, layout_loops_corners,
          corexii_item_surrounded_by_moat
D:2:      layout_loops_ring, ebering_ecumenical_altar_mist, minmay_hexomino_u4
D:3:      layout_basic, nicolae_overflow_ecumenical_swirl, minivault_5,
          mrwooster_statue_mirror
D:4:      layout_loops_ring, fedhas_altar_3,
          chequers_temple_overflow_minitemple, uniq_pikel
D:5:      layout_basic, general_overflow_altar
D:6:      layout_cave_pools, minmay_temple_entry_ruins, serial_glass,
          glass_columns_a, glass_columns_a, glass_columns_c, glass_columns_b,
          hangedman_decor_points, nicolae_elemental_shop
D:7:      layout_layer_cave, chequers_serial_rivers_room_a,
          nicolae_shop_clearance
D:8:      layout_layer_cave, enter_bailey_5, minmay_manual_monolith,
          uniq_amaemon
D:9:      cheibrodos_statue_roulette, layout_rooms,
          gammafunk_temple_overflow_claw, chequers_garden,
          nicolae_elevator_lobby_asterisk
Temple:   dshaligram_water_room_temple

Skill      XL: |  1  2  3  4  5  6  7  8  9 10 |
---------------+-------------------------------+-----
Stealth        | 1 2 3 4 |  4.0
Fighting       | 3 5 6 7 8 9 |  9.0
Armour         | 1 2 3 4 6 |  6.5
Ranged Weapons | 5 6 7 8 |  8.9
Axes           | 2 3 4 5 |  5.6
Dodging        | 3 4 5 |  5.9
Evocations     | 1 2 3 4 |  4.0
Invocations    | 1 2 3 |  3.2
Throwing       | |  0.9

Action                   |  1- 3 |  4- 6 |  7- 9 | 10-12 || total
-------------------------+-------+-------+-------+-------++-------
Melee: War axe           |       |       |    81 |       ||    81
       Headbutt          |       |       |    25 |     2 ||    27
       Punch             |       |       |     1 |       ||     1
       Flail             |       |       |    36 |       ||    36
       Battleaxe         |       |       |     6 |     2 ||     8
 Fire: Shortbow          |    93 |    18 |       |       ||   111
       Sling             |       |    43 |   171 |    39 ||   253
Invok: Heroism           |       |       |     1 |       ||     1
Evoke: Wand              |       |       |     1 |     3 ||     4
       Tin of tremorston |       |       |       |     1 ||     1
  Use: Scroll            |       |       |    11 |       ||    11
       Potion            |       |       |     3 |       ||     3
 Stab: Paralysed         |       |       |     6 |       ||     6
Armor: Leather armour    |     6 |       |       |       ||     6
       Plate armour      |       |    30 |   272 |     8 ||   310
Dodge: Dodged            |    18 |    12 |   114 |     7 ||   151

Table legend: (Time is in decaauts)
 A = Elapsed time spent in this place.
 B = Non-inter-level travel time spent in this place.
 C = Inter-level travel time spent in this place.
 D = Time resting spent in this place.
 E = Time spent auto-exploring this place.
 F = Levels seen in this place.
 G = Mean time per level.
                   A        B        C        D        E       F      G
               +--------+--------+--------+--------+--------+-----+--------+
         Total |   8812 |   7273 |   1539 |   1790 |   3998 |  10 |  881.2 |
       Dungeon |   8705 |   7271 |   1434 |   1790 |   3998 |   9 |  967.2 |
        Temple |    106 |      1 |    105 |      0 |      0 |   1 |  106.0 |
               +--------+--------+--------+--------+--------+-----+--------+

Top non-repeatable levels by time:
     D:5: 2247 daAuts
     D:7: 1562 daAuts
     D:8: 1107 daAuts
     D:1: 822 daAuts
     D:4: 814 daAuts
     D:2: 700 daAuts
     D:6: 686 daAuts
     D:3: 621 daAuts
     D:9: 141 daAuts
  Temple: 106 daAuts
